 Dungeon Crawl Stone Soup version 0.27.0-1-g7a089689b8 (webtiles) character file.

Game seed: 1770682331754894491

100 GordonOverkill the Skirmisher (level 4, -1/20 (44) HPs)
             Began as a Deep Dwarf Hedge Wizard on Aug 6, 2021.
             Killed from afar by an orc wizard (5 damage)
             ... with a puff of flame
             ... on level 2 of the Dungeon.
             The game lasted 00:05:42 (3667 turns).

GordonOverkill the Skirmisher (DDWz)                Turns: 3667, Time: 00:05:42

HP:   -1/20 (44)    AC:  2    Str: 14 (15) XL:     4   Next: 47%
MP:   3/7           EV: 12    Int: 12 (14) God:
Gold: 90            SH:  0    Dex:  9 (12) Spells: 7/8 levels left

rFire    . . .     SeeInvis .   a - +0 dagger
rCold    . . .     Faith    .   (no shield)
rNeg     . . .     Spirit   .   b - +0 robe
rPois    .         Reflect  .   c - +0 hat
rElec    .         Harm     .   (no cloak)
rCorr    .         Rampage  .   (no gloves)
Will     .....                  (no boots)
Stlth    ++........             (no amulet)
HPRegen  0.00/turn              (no ring)
MPRegen  0.10/turn              (no ring)

@: hasted, extremely drained, very quick
A: damage resistance, heal wounds, sense surroundings 1, no regeneration
a: Heal Wounds


You were on level 2 of the Dungeon.
You visited 1 branch of the dungeon, and saw 3 of its levels.

You collected 90 gold pieces.

Inventory:

Hand Weapons
 a - a +0 dagger (weapon)
Armour
 b - a +0 robe (worn)
 c - a +0 hat (worn)
 f - a +0 ring mail
 o - a +0 scale mail
Scrolls
 d - 3 scrolls of teleportation {unknown}
 h - a scroll of identify {unknown}
 j - a scroll of fog {unknown}
 l - a scroll of immolation {unknown}
Potions
 e - a potion of degeneration
 k - a potion of attraction {unknown}
 m - a potion of invisibility {unknown}
 n - a potion of curing {unknown}


   Skills:
 + Level 3.8 Fighting
 - Level 2.1 Dodging
 - Level 2.4 Stealth
 - Level 2.6 Spellcasting
 - Level 0.8 Conjurations
 - Level 0.8 Summonings
 - Level 1.1 Translocations


You had 7 spell levels left.
You knew the following spells:

 Your Spells              Type           Power      Damage    Failure   Level
a - Magic Dart            Conj           12%        1d3       19%         1

Your spell library contained the following spells:

 Spells                   Type           Power      Damage    Failure   Level
 Blink                    Tloc           N/A        N/A       24%         2
 Call Imp                 Summ           3%         N/A       26%         2
 Slow                     Hex            1%         N/A       36%         2
 Conjure Flame            Conj/Fire      2%         6-21      54%         3
 Mephitic Cloud           Conj/Pois/Air  2%         N/A       56%         3


Dungeon Overview and Level Annotations

Branches:
Dungeon (3/15)

Altars:

Shops:
D:2 :

Annotations:
D:2 1 runed translucent door, Crazy Yiuf


Innate Abilities, Weirdness & Mutations

You are resistant to damage.
You can heal yourself by infusing magical energy.
You passively map a small area around you.
You do not regenerate.


Message History

There is a stone staircase leading down, spattered with blood here.
You bump into the rock wall.
Something hits you.
* * * LOW HITPOINT WARNING * * *
You feel drained.
You bump into the rock wall.
You are too confused!
You bump into the rock wall.
You hear some strange, mumbled words.
You are more confused.
Something hits you.
* * * LOW HITPOINT WARNING * * *
You feel drained.
You see here a ball python corpse.
Things that are here:
a +0 ring mail; a +0 dagger; an orc corpse Something hits you.
* * * LOW HITPOINT WARNING * * *
You feel drained.
You see here a ball python corpse.
Something hits you.
* * * LOW HITPOINT WARNING * * *
You feel drained.
Things that are here:
a +0 ring mail; a +0 dagger; an orc corpse You bump into the rock wall.
You bump into the rock wall.
Something hits you.
* * * LOW HITPOINT WARNING * * *
You feel drained.
There is a stone staircase leading down, spattered with blood here.
You hear some strange, mumbled words.
Something tries to affect you, but you resist.
You hear some strange, mumbled words.
Something tries to affect you, but you resist.
You see here a ball python corpse.
You bump into the rock wall.
You feel less confused.
You hear some strange, mumbled words.
A puff of flame appears from out of thin air!
The puff of flame hits you!
You die...

........#.####.### #.#
.######....###.# #.#
.#### #........## #.#
....####...##...# #.#
..............#.# #.#
..#.#####.###...# #.#
..#.# #)# #.### #.#
(.#.#####.###.#########.#
......(.......[.@†##....#
..........######{.##.####
.........## #.)##.#
###.####.# #..##.# ###.#
##.## #..##.#
#...###...### #[.##.#
.#..........# #...#.#
..#.###...#.# ##..###
∩..## ##.##.# #....#


There were no monsters in sight!

Vanquished Creatures
  An orc wizard (D:2)
  2 adders (D:2)
  An adder skeleton (D:2)
  A dart slug (D:1)
  2 orcs (D:2)
  4 ball pythons (D:2)
  5 endoplasms
  2 giant cockroaches (D:1)
  5 goblins
  3 hobgoblins (D:1)
  7 jackals
  3 kobolds (D:2)
  2 quokkas (D:1)
  2 bats
  A frilled lizard (D:1)
  5 rats
46 creatures vanquished.

Notes
Turn   | Place    | Note
-------+----------+-------------------------------------------
     0 | D:1      | GordonOverkill the Deep Dwarf Hedge Wizard began the quest
                  | for the Orb.
     0 | D:1      | Reached XP level 1. HP: 15/15 MP: 4/4
   254 | D:1      | Reached skill level 1 in Fighting
   701 | D:1      | Reached XP level 2. HP: 25/25 MP: 1/5
   860 | D:1      | Reached skill level 2 in Fighting
  1372 | D:1      | Reached XP level 3. HP: 30/33 MP: 1/7
  2157 | D:2      | Reached skill level 3 in Fighting
  2773 | D:2      | Reached XP level 4. HP: 42/42 MP: 0/8
  2880 | D:2      | Found Run Ydgh's Book Shop.
  3190 | D:2      | Found a runed translucent door.
  3191 | D:2      | Noticed Crazy Yiuf
  3667 | D:2      | Killed from afar by an orc wizard

Illustrated notes

Levels and vault maps discovered:
D:1:      nagdon_arrival_zigzag_paths, layout_basic, corexii_hall_statues_i,
          minmay_misc_feat_tower, minmay_misc_feat_four_crosses,
          minmay_tromino_mix6
D:2:      layout_loops_ring, serial_shops, nicolae_diamond_shop,
          amethyst_killhole, uniq_crazy_yiuf_cottage
D:3:      layout_basic, okawaru_altar_gauntlet_db, portal_sewer_entry_f

Skill      XL: |  1  2  3 |
---------------+----------+-----
Fighting       | 1 2 3 |  3.8
Dodging        | |  2.1
Stealth        | |  2.4
Spellcasting   | |  2.6
Conjurations   | |  0.8
Summonings     | |  0.8
Translocations | |  1.1

Action                   |  1- 3 |  4- 6 || total
-------------------------+-------+-------++-------
Melee: Dagger            |   153 |    93 ||   246
 Cast: Magic Dart        |    93 |    30 ||   123
 Abil: Heal Wounds       |     3 |     4 ||     7
  Use: Potion            |       |     3 ||     3
 Stab: Sleeping          |     1 |       ||     1
Armor: Robe              |    30 |    13 ||    43
Dodge: Dodged            |   114 |    47 ||   161
